 Dungeon Crawl Stone Soup version 0.30-a0-29-g142975f185 (webtiles) character file.

Game seed: 11834880574400136176

1054 Zonian the Sneak (level 8, -5/36 HPs)
             Began as a Vine Stalker Necromancer on Aug 27, 2022.
             Slain by a vampire (9 damage)
             ... on level 6 of the Dungeon.
             The game lasted 00:13:11 (6432 turns).

Zonian the Sneak (Vine Stalker Necromancer)         Turns: 6432, Time: 00:13:12

Health: -5/36      AC:  7    Str: 16    XL:     8   Next: 26%
Magic:  0/25       EV: 14    Int: 15    God:
Gold:   436        SH:  0    Dex: 17    Spells: 9/17 levels left

rFire   . . .      SeeInvis .    u - +4 short sword "Kearyuk" {flame, Str+5}
rCold   . . .      Faith    .    (no shield)
rNeg    . . .      Spirit   +    a - +0 robe
rPois   .          Reflect  .    x - +0 helmet
rElec   .          Harm     .    (no cloak)
rCorr   .          Rampage  .    g - +1 pair of gloves
Will    +....                    h - +1 pair of boots
Stlth   +++.......               (no amulet)
HPRegen 0.92/turn                r - ring of magical power
MPRegen 0.19/turn                (no ring)

@: no status effects
A: fangs 3, regeneration 1, magic shield, antimagic bite, no potion heal 2
a: no special abilities


You were on level 6 of the Dungeon.
You visited 1 branch of the dungeon, and saw 6 of its levels.

You collected 436 gold pieces.

Inventory:

Hand Weapons
 d - a +1 dagger
 j - a +0 short sword
 u - the +4 short sword "Kearyuk" (weapon) {flame, Str+5}
   (You found it on level 3 of the Dungeon)

   It burns those it strikes, dealing additional fire damage.
   Str:       It affects your strength (+5).
 v - a +0 rapier
Missiles
 n - 2 curare-tipped darts
 q - 4 poisoned darts
Armour
 a - a +0 robe (worn)
 g - a +1 pair of gloves (worn)
 h - a +1 pair of boots (worn)
 x - a +0 helmet (worn)
Jewellery
 r - a ring of magical power (left hand)
 t - an amulet of regeneration
Wands
 o - a wand of flame (40)
 s - a wand of acid (16)
Scrolls
 c - a scroll of vulnerability
 i - a scroll of enchant weapon
Potions
 b - 3 potions of magic
 e - 2 potions of brilliance
 f - 2 potions of degeneration {unknown}
 k - a potion of might {unknown}
 l - 5 potions of curing
 m - 2 potions of ambrosia
 p - a potion of lignification {unknown}
 w - a potion of haste {unknown}


   Skills:
 + Level 4.1 Dodging
 + Level 6.6 Stealth
 + Level 5.1 Spellcasting
 + Level 6.1 Necromancy


You had 9 spell levels left.
You knew the following spells:

 Your Spells              Type           Power      Damage    Failure   Level
a - Necrotise             Necr           88%        1d8       1%          1
b - Vampiric Draining     Necr           22%        2d7       3%          3
c - Animate Dead          Necr           22%        N/A       13%         4

Your spell library contained the following spells:

 Spells                   Type           Power      Damage    Failure   Level
 Foxfire                  Conj/Fire      12%        2x1d4     16%         1
 Magic Dart               Conj           12%        1d3       16%         1
 Searing Ray              Conj           6%         2d4       24%         2
 Agony                    Necr           22%        N/A       34%         5
 Conjure Flame            Conj/Fire      3%         6-21      43%         3
 Gell's Gravitas          Tloc           3%         N/A       43%         3
 Inner Flame              Hex/Fire       3%         N/A       43%         3
 Lesser Beckoning         Tloc           3%         N/A       43%         3
 Teleport Other           Tloc           3%         N/A       43%         3
 Flame Wave               Conj/Fire      3%         2d5       85%         4
 Fulminant Prism          Conj/Hex       1%         3d6       85%         4


Dungeon Overview and Level Annotations

Branches:
Dungeon (6/15)
 Temple: D:4-7

Altars:

Annotations:
D:4 2 transporters, Dowan; Duvessa; Edmund; nicolae's ghost, amateur OpTm


Innate Abilities, Weirdness & Mutations

You have razor-sharp teeth.
Your natural rate of healing is unusually fast.
When hurt, damage is shared between your health and your magic reserves.
Your bite disrupts and absorbs the magic of your enemies.
Potions cannot restore your health.


Message History

You punch the vampire, but do no damage.
You bite the vampire, but do no damage.
The vampire is moderately damaged.
The vampire casts a spell.
The vampire flickers and vanishes!
Deactivating autopickup; reactivate with Ctrl-A.
You hit something but do no damage. Your bite misses something.
Something hits you! Something bites you.
Something draws strength from your injuries!
You barely miss something. Something hits you. Something bites you.
Something draws strength from your injuries!
Something hits you. Something bites you.
Something draws strength from your injuries!
You completely miss something. You bite something. Something hits you.
Something bites you but does no damage.
You hit something. You burn something. Something hits you but does no damage.
Something bites you!
Something draws strength from your injuries!
Okay, then.
Okay, then.
Aiming: Corrosive Bolt
Press: ? - help, Shift-Dir - straight line The bolt of acid hits something.
Something hits you! Something bites you but does no damage.
Unknown command.
Aiming: Corrosive Bolt
Press: ? - help, Shift-Dir - straight line The bolt of acid hits something!
Something hits you. Something bites you.
Something draws strength from your injuries!
Unknown command.
Aiming: Corrosive Bolt
Press: ? - help, Shift-Dir - straight line The bolt of acid hits something!
The acid corrodes something!
Something draws life force from you!
* * * LOW HITPOINT WARNING * * *
Unknown command.
Aiming: Corrosive Bolt
Press: ? - help, Shift-Dir - straight line Something hits you!
You die...

####### .. #........#
....... ... #........#
....... ....#........#
.....J. ....#........##
....... ..............#
....... $.............#
....... ..............+
.......
......{@....[.#.........
.....###.######.####.##.
.#######...####.# #.##.
#............# #.##.
###............####.##.
#....................#.
#...................##.
#...................'.>
#........###........###


There were no monsters in sight!

Vanquished Creatures
  2 water moccasins
  2 ice beasts (D:6)
  A bullfrog (D:6)
  2 scorpions
  A jelly (D:6)
  2 hounds
  Natasha (thrice) (D:4)
  3 iguanas
  An orc wizard (D:4)
  7 adders
  An ufetubus (D:6)
  A worm (D:2)
  2 dart slugs
  11 orcs
  A bat (D:1)
  4 endoplasms
  3 giant cockroaches
  A goblin (D:3)
  2 hobgoblins
  2 jackals
  4 kobolds
  A quokka (D:2)
  7 ball pythons
  3 rats
67 creatures vanquished.

Vanquished Creatures (collateral kills)
  Blork the orc (D:4)
  A dart slug (D:1)
  2 goblins (D:3)
  2 jackals (D:3)
6 creatures vanquished.

Grand Total: 73 creatures vanquished

Notes
Turn   | Place    | Note
-------+----------+-------------------------------------------
     0 | D:1      | Zonian the Vine Stalker Necromancer began the quest for the
                  | Orb.
     0 | D:1      | Reached XP level 1. HP: 9/9 MP: 4/4
   100 | D:1      | Reached XP level 2. HP: 8/13 MP: 0/6
  1333 | D:2      | Reached XP level 3. HP: 16/16 MP: 7/7
  1972 | D:2      | Gained mutation: Your natural rate of healing is unusually
                  | fast. [Vine Stalker growth]
  1972 | D:2      | Reached XP level 4. HP: 12/21 MP: 0/9
  2544 | D:3      | Identified the +4 short sword "Kearyuk" {flame, Str+5}
  2841 | D:3      | Reached XP level 5. HP: 24/24 MP: 10/10
  3039 | D:4      | Found a transporter.
  3042 | D:4      | Found a transporter.
  3042 | D:4      | Noticed nicolae's ghost (amateur OpTm)
  3186 | D:4      | Learned a level 3 spell: Vampiric Draining
  3268 | D:4      | Noticed Natasha
  3284 | D:4      | Killed Natasha
  3637 | D:4      | Noticed Natasha
  3648 | D:4      | Killed Natasha
  3653 | D:4      | Noticed Edmund
  3948 | D:4      | Noticed Duvessa
  3971 | D:4      | Noticed Dowan
  3994 | D:4      | Noticed Blork the orc
  4009 | D:4      | Reached XP level 6. HP: 7/28 MP: 5/12
  4017 | D:4      | Killed Blork the orc
  4018 | D:4      | Reached skill level 5 in Necromancy
  4397 | D:4      | Noticed Natasha
  4405 | D:4      | Killed Natasha
  4583 | D:5      | Entered Level 5 of the Dungeon
  4687 | D:5      | Reached skill level 5 in Stealth
  4772 | D:5      | Noticed a water moccasin
  4786 | D:5      | Killed a water moccasin
  4787 | D:5      | Reached XP level 7. HP: 23/32 MP: 14/14
  5420 | D:5      | Identified the +10 flail "Feobli" {flame, rElec rC- Str+5}
  6177 | D:6      | Gained mutation: You have razor-sharp teeth. [Vine Stalker
                  | growth]
  6177 | D:6      | Reached XP level 8. HP: 34/36 MP: 16/16
  6194 | D:6      | Learned a level 4 spell: Animate Dead
  6232 | D:6      | Reached skill level 5 in Spellcasting
  6422 | D:6      | Noticed a vampire
  6432 | D:6      | Slain by a vampire

Illustrated notes

Levels and vault maps discovered:
D:1:      erik_arrival_triangle_small, layout_basic,
          hangedman_decor_peaks_small, minmay_small_reverse_x
D:2:      layout_rooms, fountainhead
D:3:      layout_rooms, minmay_fractal_squares_diagonal_5
D:4:      layout_cave_pods, gammafunk_ghost_arena, uniq_blork_the_orc,
          uniq_natasha, uniq_duvessa, uniq_edmund
D:5:      layout_loops_ring
D:6:      layout_basic, enter_ossuary_2, minivault_26

Skill      XL: |  1  2  3  4  5  6  7  8 |
---------------+-------------------------+-----
Dodging        | 2 3 4 |  4.1
Stealth        | 3 4 5 6 |  6.6
Spellcasting   | 3 4 5 |  5.1
Necromancy     | 5 6 |  6.1

Action                   |  1- 3 |  4- 6 |  7- 9 || total
-------------------------+-------+-------+-------++-------
Melee: Dagger            |    34 |    32 |       ||    66
       Bite              |    14 |    13 |    15 ||    42
       Short sword       |       |    22 |    51 ||    73
       Punch             |       |     1 |     2 ||     3
 Cast: Necrotise         |    27 |    68 |    22 ||   117
       Vampiric Draining |       |       |     4 ||     4
Evoke: Wand              |       |     2 |     4 ||     6
  Use: Scroll            |       |     8 |     6 ||    14
 Stab: Sleeping          |     2 |     2 |     5 ||     9
Armor: Robe              |    11 |    35 |    21 ||    67
Dodge: Dodged            |    33 |    83 |    40 ||   156

Table legend: (Time is in decaauts)
 A = Elapsed time spent in this place.
 B = Non-inter-level travel time spent in this place.
 C = Inter-level travel time spent in this place.
 D = Time resting spent in this place.
 E = Time spent auto-exploring this place.
 F = Levels seen in this place.
 G = Mean time per level.
                   A        B        C        D        E       F      G
               +--------+--------+--------+--------+--------+-----+--------+
         Total |   6457 |   6392 |     65 |   2096 |   2702 |   6 | 1076.2 |
       Dungeon |   6457 |   6392 |     65 |   2096 |   2702 |   6 | 1076.2 |
               +--------+--------+--------+--------+--------+-----+--------+

Top non-repeatable levels by time:
     D:4: 1380 daAuts
     D:1: 1329 daAuts
     D:3: 1089 daAuts
     D:5: 1043 daAuts
     D:2: 866 daAuts
     D:6: 748 daAuts
